 Dungeon Crawl Stone Soup version 0.29.1-2-gbd0b4ee654 (webtiles) character file.

Game seed: 13586084295129863697

283221 hilljack the Warrior (level 20, 0/136 HPs)
             Began as a Gargoyle Earth Elementalist on Nov 4, 2022.
             Was an Elder of the Shining One.
             Slain by a vampire knight
             ... wielding a +0 dire flail
              (18 damage)
             ... on level 1 of the Crypt.
             The game lasted 03:41:55 (75767 turns).

hilljack the Warrior (Gargoyle Earth Elementalist) Turns: 75767, Time: 03:41:56

Health: 0/136      AC: 32    Str: 12    XL:     20   Next: 55%
Magic:  1/32       EV: 13    Int: 29    God:    the Shining One [****..]
Gold:   1285       SH: 14    Dex: 10    Spells: 2/35 levels left

rFire   + . .      SeeInvis .   a - +3 mace "Iclileh" {freeze, rElec Will+ Int+4}
rCold   . . .      Faith    .   Z - +4 kite shield {rC+}
rNeg    + + +      Spirit   .   K - +2 troll leather armour
rPois   ∞          Reflect  .   q - +1 helmet
rElec   +          Harm     .   C - +1 cloak
rCorr   .          Rampage  .   d - +1 pair of gloves
Will    +++..                   P - +1 pair of boots
Stlth   +.........              L - amulet of the acrobat
HPRegen 1.12/turn               n - ring of willpower
MPRegen 0.23/turn               e - ring of fire

@: flying, glowing
A: sickness immunity, AC +15, big wings, negative energy resistance 1,
electricity resistance, torment resistance 1, petrification resistance
}: 2/15 runes: serpentine, barnacled
a: Renounce Religion, Divine Shield, Cleansing Flame


You were on level 1 of the Crypt.
You worshipped the Shining One.
The Shining One was greatly pleased with you.
You visited 8 branches of the dungeon, and saw 34 of its levels.
You also visited: Ice Cave.

You collected 3095 gold pieces.
You spent 1810 gold pieces at shops.

Inventory:

Hand Weapons
 a - the +3 mace "Iclileh" (weapon) {freeze, rElec Will+ Int+4}
   (You took it off a kobold on level 9 of the Dungeon)

   It freezes those it strikes, dealing additional cold damage.
   It can also slow down cold-blooded creatures.
   Int:       It affects your intelligence (+4).
   rElec:     It insulates you from electricity.
   Will:      It increases your willpower.
 F - the +3 hand axe of Death {elec, rC+ Will+ Str+2}
   (You found it on level 6 of the Dungeon)

   It occasionally discharges a powerful burst of electricity upon striking a
   foe.
   Str:       It affects your strength (+2).
   rC:        It protects you from cold.
   Will:      It increases your willpower.
Armour
 d - a +1 pair of gloves (worn)
 q - a +1 helmet (worn)
 C - a +1 cloak (worn)
 K - a +2 troll leather armour (worn)
 P - a +1 pair of boots (worn)
 T - a +2 robe of cold resistance
 Z - a +4 kite shield of cold resistance (worn)
Magical Staves
 b - a staff of fire
Jewellery
 e - a ring of fire (right hand)
 n - a ring of willpower (left hand)
 v - a ring of see invisible
 z - a ring of resist corrosion
 J - a ring of protection from fire
 L - an amulet of the acrobat (around neck)
 M - a ring of magical power
 V - a ring of ice
Wands
 c - a wand of flame (92)
 y - a wand of charming (56)
 B - a wand of roots (4)
 O - a wand of polymorph (14)
 Q - a wand of mindburst (10)
 W - a wand of acid (16)
Scrolls
 h - 5 scrolls of amnesia
 i - 10 scrolls of teleportation
 j - 2 scrolls of poison
 m - 3 scrolls of immolation
 p - 12 scrolls of identify
 s - 3 scrolls of silence
 u - a scroll of blinking
 w - a scroll of butterflies
 x - a scroll of summoning
 D - 8 scrolls of vulnerability
 Y - 2 scrolls of magic mapping
Potions
 f - a potion of brilliance
 g - 3 potions of resistance
 k - 20 potions of curing
 l - 4 potions of attraction
 o - 2 potions of cancellation
 r - 4 potions of ambrosia
 t - 3 potions of lignification
 A - 5 potions of might
 G - 5 potions of haste
 H - 6 potions of flight
 I - 5 potions of mutation
 N - a potion of invisibility
Miscellaneous
 U - a tin of tremorstones (2/2)
 X - a lightning rod (4/4)


   Skills:
 - Level 18.0 Fighting
 - Level 10.0 Armour
 - Level 10.0 Dodging
 - Level 2.1 Stealth
 + Level 9.7 Shields
 - Level 8.0 Spellcasting
 - Level 15.0 Conjurations
 + Level 11.7 Transmutations
 - Level 15.0 Fire Magic
 - Level 12.0 Earth Magic
 + Level 13.0 Poison Magic
 - Level 5.0 Invocations


You had 2 spell levels left.
You knew the following spells:

 Your Spells              Type           Power      Damage    Failure   Level
a - Scorch                Fire           100%       2d10      1%          2
b - Sticky Flame          Conj/Fire      99%        2d11      1%          4
c - Stone Arrow           Conj/Erth      100%       3d13      1%          3
d - Flame Wave            Conj/Fire      99%        2d21      1%          4
e - Passwall              Tmut/Erth      57%        N/A       1%          2
f - Petrify               Tmut/Erth      69%        N/A       1%          4
g - Sandblast             Erth           100%       2d20      1%          1
h - Eringya's Noxious Bo  Tmut/Pois      35%        N/A       12%         6
i - Ignite Poison         Fire/Tmut/Pois 93%        N/A       1%          3
j - Olgreb's Toxic Radia  Pois           72%        N/A       1%          4

Your spell library contained the following spells:

 Spells                   Type           Power      Damage    Failure   Level
 Sting                    Tmut/Pois      100%       1d8       1%          1
 Poisonous Vapours        Pois/Air       98%        N/A       1%          2
 Static Discharge         Conj/Air       53%        3-10/arc  1%          2
 Dazzling Flash           Conj/Hex       100%       N/A       1%          3
 Mephitic Cloud           Conj/Pois/Air  60%        N/A       1%          3
 Irradiate                Conj/Tmut      36%        3d23      1%          5
 Alistair's Intoxication  Tmut/Pois      46%        N/A       2%          5
 Blade Hands              Tmut           34%        N/A       2%          5
 Borgnjor's Vile Clutch   Necr/Erth      23%        N/A       30%         5
 Ozocubu's Armour         Ice            11%        N/A       36%         3
 Portal Projectile        Hex/Tloc       22%        N/A       36%         3
 Tukima's Dance           Hex            11%        N/A       36%         3
 Freezing Cloud           Conj/Ice/Air   20%        6-21      41%         5
 Dispel Undead            Necr           11%        3d9       77%         4
 Agony                    Necr           11%        N/A       98%         5
 Silence                  Hex/Air        5%         N/A       98%         5
 Summon Forest            Summ/Tloc      5%         N/A       98%         5
 Summon Mana Viper        Hex/Summ       11%        N/A       98%         5
 Summon Cactus Giant      Summ           5%         N/A       100%        6
 Ozocubu's Refrigeration  Ice            5%         4d8       100%        7
 Sublimation of Blood     Necr           Unusable   N/A       N/A         2

Dungeon Overview and Level Annotations

Branches:
Dungeon (15/15)            Temple (1/1) D:5            Lair (5/5) D:9
 Shoals (4/4) Lair:2        Snake (4/4) Lair:2        Slime (0/5) Lair:4
    Orc (2/2) D:10            Elf (0/3) Orc:2        Vaults (2/5) D:14
  Crypt (1/3) Vaults:2     Depths (0/4) D:15          IceCv (visited)

Altars:
Ashenzari
Cheibriados
Dithmenos
Elyvilon
Fedhas
Gozag
Hepliaklqana
Kikubaaqudgha
Makhleb
Nemelex Xobeh
Okawaru
Qazlal
Ru
Sif Muna
Trog
Uskayaw
Vehumet
Wu Jian
Xom
Yredelemnul
Zin
The Shining One
Jiyva
Lugonu

Shops:
D:13 [   D:14 ?   Orc:2 !(:!   Snake:3 ([(   Snake:4 (*[:   Vaults:2 :

Portals:
Trove: D:15 (give 9 potions of haste)

Annotations:
Shoals:1 3 runed translucent doors, CBASSkasper's ghost, journeyman MiBe; ERAB's ghost, journeyman DsGl; MrElixer's ghost, journeyman MiFi; PorkyPig's ghost, journeyman DrCj
Shoals:3 Roxanne


Innate Abilities, Weirdness & Mutations

You are immune to sickness and miasma.
Your stone body is resilient. (AC +15)
You are immune to poison.
Your large and strong wings let you fly.
You resist negative energy. (rN+)
You are resistant to electric shocks. (rElec)
You are resistant to unholy torment.
You are immune to petrification.


Message History

The vampire knight wields a +0 dire flail.
The vampire knight closely misses you. You block the vampire knight's attack.
The vampire knight gestures wildly while chanting.
The vampire knight seems to speed up.
The vampire knight completely misses you. x2
A wave of flame ripples out!
The flame wave engulfs the vampire knight but does no damage.
The vampire knight is almost destroyed.
The flame wave engulfs the vampire knight but does no damage.
The vampire knight is severely damaged.
You finish channelling waves of flame.
The vampire knight hits you with a +2 vorpal dire flail!
The vampire knight bites you.
The vampire knight completely misses you.
The vampire knight bites you but does no damage.
You block the vampire knight's attack.
The vampire knight bites you but does no damage.
Casting: Flame Wave (safe; 1% risk of failure)
Confirm with . or Enter, or press ? or * to list all spells.
You don't have enough magic to cast this spell.
You hit the vampire knight but do no damage.
The vampire knight is severely damaged.
The vampire knight hits you with a +0 dire flail!
You block the vampire knight's attack. The vampire knight closely misses you.
You block the vampire knight's attack.
The vampire knight hits you with a +0 dire flail!!
The vampire knight bites you.
* * * LOW HITPOINT WARNING * * *
The vampire knight hits you with a +2 vorpal dire flail!!
* * * LOW HITPOINT WARNING * * *
x2 You block the vampire knight's attack.
You barely miss the vampire knight.
The vampire knight is severely damaged.
You block the vampire knight's attack.
The vampire knight bites you but does no damage.
The vampire knight hits you with a +2 vorpal dire flail.
* * * LOW HITPOINT WARNING * * *
x2 You block the vampire knight's attack.
The vampire knight hits you with a +0 dire flail!!
You die...

...##.### #.# # ......#
#.####.###
.....#######.#.......
...............#..#
.....######......# ....##
##....##### ...## #..##..###
# ##.#####.####...## .
#.##........##V@##.# ... #
#....###...)###V##.##....#.
#..#### #....# #............
#..# #....###....#.##...#
...# ###........##...#....#
...# #......................
...##.......####..##....# ##
..##..#.....###.......###....
.....#..^...#.....[##......#


You could see 2 vampire knights.

Vanquished Creatures
  Khufu (Vaults:2)
  Vashnia (Snake:2)
  Jorgrun (D:12)
  Rupert (D:14)
  An ancient champion (Crypt:1)
  2 sphinxes
  Frances (Shoals:1)
  A tengu reaver (D:14)
  Kirke (D:12)
  5 nagarajas
  A revenant (Crypt:1)
  Ilsuiw (Shoals:2)
  An orc warlord (Vaults:2)
  8 vault wardens
  Aizul (Snake:1)
  A reaper (IceCv)
  10 ironbound preservers
  9 very ugly things
  2 ironbound thunderhulks
  3 minotaurs (Shoals:4)
  An entropy weaver (Vaults:1)
  Josephine (D:14)
  Snorg (Lair:4)
  2 jiangshi (Crypt:1)
  5 merfolk impalers
  3 yaktaur captains (Vaults:2)
  6 boulder beetles
  6 great orbs of eyes
  4 salamander tyrants
  3 vault guards
  An alligator snapping turtle (Shoals:2)
  6 ironbound frosthearts
  3 anacondas
  5 hydras
  A catoblepas (Lair:1)
  17 centaur warriors
  An ogre mage (D:10)
  Erica (Lair:1)
  The ghost of erofeev the Grappler, a novice TrBe of Trog (Lair:1)
  A merfolk aquamancer (Shoals:2)
  8 satyrs
  7 two-headed ogres
  A death knight (Crypt:1)
  3 merfolk avatars
  A death scarab (Crypt:1)
  9 death yaks
  16 naga warriors
  A vampire mage (Crypt:1)
  A tengu warrior (D:15)
  15 naga sharpshooters
  An orc high priest (Orc:2)
  Nergalle (D:12)
  6 shock serpents
  Sonja (Lair:3)
  2 salamander mystics (Snake:3)
  A storm dragon skeleton (Vaults:2)
  12 skeletal warriors
  29 deep trolls
  A spark wasp zombie (D:15)
  11 sea snakes
  A flayed ghost (D:15)
  A glowing orange brain (Vaults:2)
  A naga ritualist (Snake:3)
  19 harpies
  2 ironbound convokers
  5 orc knights
  3 wizards
  A large abomination (D:7)
  A tengu zombie (D:15)
  3 deep elf pyromancers
  16 lindwurms
  2 phantasmal warriors (Crypt:1)
  2 necromancers
  A sphinx zombie (D:15)
  4 mana vipers
  25 fauns
  7 orc sorcerers
  19 ugly things
  13 manticores
  12 cyclopes
  9 elephants
  15 black mambas
  7 merfolk sirens
  14 salamanders
  3 guardian serpents
  A fire giant skeleton (D:15)
  2 ice statues (IceCv)
  2 water nymphs
  8 naga magi
  14 vault sentinels
  9 cane toads
  2 gargoyles
  2 unseen horrors
  3 komodo dragons
  3 efreet
  2 rime drakes
  A kobold demonologist (D:12)
  5 ice devils (IceCv)
  A sea snake zombie (Crypt:1)
  25 yaktaurs
  A tengu conjurer (D:14)
  4 anaconda simulacra (IceCv)
  20 merfolk
  A red draconian skeleton (Crypt:1)
  7 polar bears
  6 trolls
  2 wind drakes
  Grinder (D:5)
  13 blink frogs
  17 slime creatures
  2 hornets (Lair:5)
  2 blink frogs (shapeshifter) (D:15)
  25 dream sheep
  2 snapping turtles (Shoals:1)
  Sigmund (D:4)
  9 water elementals
  A shadow (D:11)
  An ettin skeleton (Vaults:2)
  An elf skeleton (Vaults:2)
  3 dire elephant simulacra (IceCv)
  6 wraiths
  38 yaks
  Eustachio (D:3)
  A vampire (D:14)
  An alligator skeleton (Crypt:1)
  12 spriggans (Lair:5)
  2 basilisks
  A wyvern (D:7)
  16 humans
  12 vampire mosquitoes
  A death yak simulacrum (IceCv)
  A redback (D:14)
  A steam dragon (Lair:3)
  3 wargs
  A harpy simulacrum (IceCv)
  An acid dragon (D:10)
  52 nagas
  10 water moccasins
  2 hydra simulacra (IceCv)
  An ogre skeleton (Vaults:2)
  17 orc warriors
  A glowing shapeshifter skeleton (Vaults:2)
  3 black bears
  6 boggarts
  37 wolves
  6 ogres
  7 centaurs
  7 human skeletons (Vaults:2)
  A phantom (D:7)
  3 kobold brigands
  16 bullfrogs
  A gnoll sergeant (D:4)
  2 necrophages
  2 cane toad simulacra (IceCv)
  4 scorpions
  12 wights
  5 killer bees (D:10)
  A shapeshifter skeleton (Crypt:1)
  An electric eel (Lair:2)
  8 howler monkeys
  3 jellies
  5 small abominations (D:7)
  A hound (D:5)
  19 orc priests
  A bullfrog skeleton (Crypt:1)
  2 iguanas
  48 orc wizards
  Ijyb (D:3)
  3 hell rats (D:9)
  A polar bear simulacrum (IceCv)
  2 spriggan simulacra (IceCv)
  A deep dwarf skeleton (Crypt:1)
  A mummy (Crypt:1)
  10 gnolls
  3 river rats (D:9)
  9 adders
  A shadow imp (D:6)
  A white imp (D:6)
  An ufetubus (D:6)
  A lava snake skeleton (Crypt:1)
  4 dart slugs
  64 orcs
  5 endoplasms
  3 giant cockroaches
  4 goblins
  7 hobgoblins
  3 jackals (D:2)
  21 kobolds
  5 quokkas
  4 ball pythons
  8 bats
  7 rats
  A rat zombie (Crypt:1)
1186 creatures vanquished.

Vanquished Creatures (collateral kills)
  A royal mummy (Vaults:2)
  An alligator snapping turtle (Shoals:1)
  A sea snake (Shoals:1)
  A cyclops (Shoals:1)
  A merfolk (Shoals:1)
  2 dream sheep (Shoals:1)
7 creatures vanquished.

Vanquished Creatures (others)
  Asterion (Vaults:1)
  A naga mage (Snake:3)
  3 humans (D:13)
  A naga (Snake:3)
  A howler monkey (D:13)
  An orc wizard (Orc:2)
  An orc (Orc:2)
  A bush (Lair:3)
  29 fungi
  153 plants
  7 withered plants (D:15)
199 creatures vanquished.

Grand Total: 1392 creatures vanquished

Notes
Turn   | Place    | Note
-------+----------+-------------------------------------------
     0 | D:1      | hilljack the Gargoyle Earth Elementalist began the quest
                  | for the Orb.
     0 | D:1      | Reached XP level 1. HP: 10/10 MP: 3/3
   135 | D:1      | Reached XP level 2. HP: 15/15 MP: 1/5
   352 | D:1      | Found a faded altar of an unknown god.
   356 | D:1      | Prayed at the altar of an unknown god.
   356 | D:1      | Became a worshipper of Elyvilon the Healer
   356 | D:1      | Reached * piety under Elyvilon
   853 | D:2      | Reached XP level 3. HP: 18/19 MP: 2/6
   921 | D:2      | Found a shimmering blue altar of Sif Muna.
  1126 | D:2      | Reached ** piety under Elyvilon
  1253 | D:2      | Reached skill level 5 in Earth Magic
  1449 | D:2      | Reached XP level 4. HP: 24/24 MP: 5/8
  2342 | D:3      | Reached XP level 5. HP: 28/28 MP: 7/9
  2371 | D:3      | You fall into a shaft and drop 1 floor!
  2416 | D:4      | Learned a level 2 spell: Passwall
  2420 | D:4      | Learned a level 3 spell: Stone Arrow
  2425 | D:4      | Learned a level 4 spell: Petrify
  2430 | D:4      | Reached *** piety under Elyvilon
  2992 | D:3      | Reached skill level 1 in Transmutations
  3086 | D:4      | Noticed Eustachio
  3705 | D:4      | Reached XP level 6. HP: 15/32 MP: 4/11
  4099 | D:4      | Noticed Ijyb
  4146 | D:3      | Killed Ijyb
  4702 | D:3      | Killed Eustachio
  4703 | D:3      | Reached XP level 7. HP: 27/36 MP: 7/13
  5052 | D:4      | Found a snail-covered altar of Cheibriados.
  5055 | D:4      | Found a sparkling altar of Nemelex Xobeh.
  5216 | D:4      | Noticed Sigmund
  5221 | D:4      | Killed Sigmund
  5414 | D:5      | Entered Level 5 of the Dungeon
  5533 | D:5      | Reached **** piety under Elyvilon
  5641 | D:5      | Reached XP level 8. HP: 41/41 MP: 9/15
  5997 | D:5      | Reached skill level 5 in Spellcasting
  6055 | D:5      | Noticed a troll
  6451 | D:5      | Killed a troll
  6452 | D:5      | Reached skill level 10 in Earth Magic
  6540 | D:5      | Found a staircase to the Ecumenical Temple.
  6732 | Temple   | Entered the Ecumenical Temple
  7162 | D:6      | Identified the +3 hand axe of Death {elec, rC+ Will+ Str+2}
  7201 | D:6      | Noticed Grinder
  7358 | D:5      | Killed Grinder
  7359 | D:5      | Reached XP level 9. HP: 37/45 MP: 14/19
  7637 | D:6      | Reached ***** piety under Elyvilon
  7845 | D:6      | Reached skill level 1 in Fighting
  8058 | D:7      | Reached skill level 2 in Fighting
  8278 | D:7      | Reached skill level 3 in Fighting
  8566 | D:7      | Reached skill level 4 in Fighting
  8671 | D:7      | Reached skill level 5 in Fighting
  8708 | D:7      | Noticed a brown ugly thing
  8759 | D:7      | Noticed a white ugly thing
  8760 | D:7      | Found a transporter.
  8762 | D:7      | Noticed a large abomination
  8764 | D:7      | Found a transporter.
  8765 | D:7      | Found a corrupted altar of Lugonu.
  8892 | D:7      | Reached skill level 1 in Conjurations
  9177 | D:7      | Reached XP level 10. HP: 59/59 MP: 22/22
  9221 | D:8      | Noticed a cyclops
  9290 | D:8      | Killed a cyclops
  9921 | D:8      | Reached skill level 5 in Conjurations
  9957 | D:8      | Reached skill level 5 in Dodging
 10290 | D:9      | Noticed a two-headed ogre
 10309 | D:9      | Killed a two-headed ogre
 10343 | D:9      | Found an ornate altar of the Wu Jian Council.
 10753 | D:9      | Noticed a two-headed ogre
 10809 | D:9      | Identified the +3 mace "Iclileh" {freeze, rElec Will+
                  | Int+4}
 11705 | D:9      | Found a staircase to the Lair.
 11710 | D:9      | Noticed a death yak
 11716 | D:9      | Noticed a death yak
 11720 | D:9      | Killed a two-headed ogre
 12021 | D:9      | Noticed a death yak
 12384 | D:10     | Entered Level 10 of the Dungeon
 12397 | D:10     | Noticed an unseen horror
 12403 | D:10     | Killed an unseen horror
 12404 | D:10     | Reached XP level 11. HP: 58/63 MP: 21/23
 12431 | D:10     | Noticed a cyclops
 12459 | D:10     | Killed a cyclops
 12460 | D:10     | Reached skill level 10 in Conjurations
 12933 | D:10     | Found a hide-covered altar of Uskayaw.
 12933 | D:10     | Noticed a +0 short sword
 12934 | D:10     | Noticed a +0 falchion
 12934 | D:10     | Noticed a +0 dagger
 12934 | D:10     | Noticed a +0 short sword
 12935 | D:10     | Noticed a +0 spear
 12936 | D:10     | Noticed a +0 spear
 12936 | D:10     | Noticed a +0 dagger
 12936 | D:10     | Noticed a +0 falchion
 13020 | D:10     | Found a staircase to the Orcish Mines.
 13055 | D:10     | Found a stormy altar of Qazlal.
 13960 | Orc:1    | Entered Level 1 of the Orcish Mines
 14099 | Orc:1    | Reached skill level 1 in Invocations
 14105 | Orc:1    | Reached ****** piety under Elyvilon
 14562 | Orc:1    | Noticed an ogre mage
 14563 | Orc:1    | Noticed a two-headed ogre
 14585 | Orc:1    | Noticed a two-headed ogre
 14587 | Orc:1    | Noticed a two-headed ogre
 14588 | Orc:1    | Noticed a two-headed ogre
 14593 | D:10     | HP: 3/63 [two-headed ogre/+0 giant club (34)]
 15119 | Lair:1   | Entered Level 1 of the Lair of Beasts
 15196 | Lair:1   | Noticed a catoblepas
 16315 | D:8      | Killed a death yak
 16676 | D:9      | Learned a level 4 spell: Sticky Flame
 16922 | D:8      | Killed a death yak
 16923 | D:8      | Reached skill level 5 in Armour
 17024 | D:9      | HP: 3/63 [death yak (14)]
 17025 | D:9      | Killed a death yak
 17026 | D:9      | Reached skill level 5 in Invocations
 17026 | D:9      | Reached skill level 1 in Fire Magic
 17328 | D:9      | Learned a level 4 spell: Flame Wave
 17331 | D:9      | Learned a level 2 spell: Scorch
 17390 | D:10     | Killed a two-headed ogre
 17501 | D:10     | Elyvilon protects you from harm!
 17992 | D:10     | Killed a two-headed ogre
 18070 | Lair:1   | Killed a catoblepas
 18260 | Lair:1   | Noticed Erica
 18300 | Lair:1   | Killed Erica
 18301 | Lair:1   | Reached skill level 5 in Fire Magic
 18641 | Lair:1   | Reached XP level 12. HP: 41/68 MP: 21/24
 18900 | Lair:1   | You fall into a shaft and drop 1 floor!
 19691 | Lair:1   | Found a runed translucent door.
 19691 | Lair:1   | Noticed erofeev's ghost (novice TrBe)
 20390 | Lair:2   | Noticed a five-headed hydra
 20403 | Lair:2   | Killed a five-headed hydra
 20569 | Lair:2   | Found a staircase to the Snake Pit.
 21167 | Lair:2   | Reached skill level 10 in Fire Magic
 21329 | Lair:2   | Found a staircase to the Shoals.
 22901 | Lair:3   | Noticed a death yak
 22947 | Lair:3   | Killed a death yak
 23240 | Lair:3   | Reached XP level 13. HP: 72/72 MP: 25/25
 24572 | Lair:2   | Reached skill level 5 in Transmutations
 24878 | Lair:4   | Noticed Sonja
 24890 | Lair:3   | Killed Sonja
 25807 | Lair:4   | Noticed Snorg
 26014 | Lair:4   | Found a viscous altar of Jiyva.
 26014 | Lair:4   | Found a staircase to the Slime Pits.
 26624 | Lair:4   | Killed Snorg
 27437 | Lair:5   | Entered Level 5 of the Lair of Beasts
 27985 | Lair:5   | Gained mutation: Your large and strong wings let you fly.
                  | [Gargoyle growth]
 27985 | Lair:5   | Reached XP level 14. HP: 71/78 MP: 13/26
 28072 | Lair:5   | Reached skill level 10 in Transmutations
 29488 | Lair:5   | Reached skill level 1 in Shields
 29980 | Lair:1   | Elyvilon protects you from harm!
 29983 | Lair:1   | Killed erofeev's ghost
 30326 | D:11     | Found a frozen archway.
 30339 | IceCv    | Entered an ice cave
 32178 | IceCv    | Noticed a reaper
 32185 | IceCv    | Killed a reaper
 33678 | D:12     | Noticed Jorgrun
 33695 | D:12     | Killed Jorgrun
 34558 | D:12     | Identified the +5 arbalest "Dragon's Tongue" {flame, Drain
                  | rC- rN+++ Int+10}
 34680 | D:12     | Reached skill level 5 in Shields
 34814 | D:12     | Noticed Nergalle
 34893 | D:12     | Killed Nergalle
 35455 | D:10     | Reached XP level 15. HP: 62/82 MP: 8/27
 35934 | Orc:2    | Entered Level 2 of the Orcish Mines
 36396 | Orc:2    | Found Icouwnim's Distillery.
 36404 | Orc:2    | Bought a potion of heal wounds for 65 gold pieces
 36404 | Orc:2    | Bought a potion of curing for 39 gold pieces
 36404 | Orc:2    | Bought a potion of heal wounds for 65 gold pieces
 36404 | Orc:2    | Bought a potion of haste for 130 gold pieces
 37031 | Orc:2    | Found a staircase to the Elven Halls.
 37472 | Orc:2    | Found Fenlatib's Weapon Emporium.
 37472 | Orc:2    | Found Cilesan's Book Emporium.
 37473 | Orc:2    | Found Filleb's Distillery.
 37479 | Orc:2    | Found Ruuf's Book Shoppe.
 37915 | Orc:2    | Bought a manual of Fighting for 1040 gold pieces
 37940 | Orc:2    | Bought a potion of ambrosia for 104 gold pieces
 37966 | Orc:2    | Bought a potion of curing for 48 gold pieces
 37966 | Orc:2    | Bought 2 potions of curing for 96 gold pieces
 37966 | Orc:2    | Bought a potion of curing for 48 gold pieces
 38261 | D:13     | Noticed Kirke
 38272 | D:13     | Noticed a sphinx
 38275 | D:12     | Killed Kirke
 38512 | D:13     | Found Sonih's Antique Armour Emporium.
 39138 | D:13     | Reached skill level 6 in Fighting
 39401 | D:13     | Found an ornate altar of the Wu Jian Council.
 40128 | D:14     | Reached skill level 7 in Fighting
 40179 | D:14     | Noticed Rupert
 40187 | D:14     | Killed Rupert
 40377 | D:13     | Reached skill level 8 in Fighting
 40518 | D:14     | Found a gate to the Vaults.
 40769 | D:14     | Reached skill level 9 in Fighting
 41283 | D:14     | Noticed Josephine
 41290 | D:14     | Killed Josephine
 41495 | D:14     | Found Mosy's Magic Scroll Shoppe.
 41503 | D:14     | Bought a scroll of blinking for 97 gold pieces
 41503 | D:14     | Bought a scroll of teleportation for 39 gold pieces
 41503 | D:14     | Bought a scroll of teleportation for 39 gold pieces
 41534 | D:15     | Entered Level 15 of the Dungeon
 41550 | D:14     | Reached skill level 10 in Fighting
 41695 | D:15     | Reached XP level 16. HP: 97/97 MP: 20/28
 42384 | D:15     | Found a staircase to the Depths.
 42387 | D:15     | Found a portal to a secret trove of treasure.
 42556 | D:15     | Reached skill level 11 in Fighting
 43648 | D:7      | Identified the +2 chain mail "Vanar" {Str-5 SInv Stlth+}
 44009 | Shoals:1 | Entered Level 1 of the Shoals
 44086 | Shoals:1 | Reached skill level 10 in Armour
 44363 | Shoals:1 | Found a runed translucent gate.
 44364 | Shoals:1 | Found a runed translucent gate.
 44366 | Shoals:1 | Found a runed translucent gate.
 44366 | Shoals:1 | Noticed PorkyPig's ghost (journeyman DrCj)
 44367 | Shoals:1 | Noticed CBASSkasper's ghost (journeyman MiBe)
 44367 | Shoals:1 | Noticed ERAB's ghost (journeyman DsGl)
 44367 | Shoals:1 | Noticed MrElixer's ghost (journeyman MiFi)
 45161 | Shoals:1 | Noticed Frances
 45175 | Shoals:1 | Killed Frances
 46323 | Shoals:2 | Reached skill level 10 in Dodging
 46769 | Shoals:2 | Reached skill level 12 in Fighting
 47112 | Shoals:2 | Reached skill level 13 in Fighting
 47113 | Shoals:2 | Noticed Ilsuiw
 47122 | Shoals:2 | Reached XP level 17. HP: 88/110 MP: 18/29
 47142 | Shoals:2 | Killed Ilsuiw
 47143 | Shoals:2 | Reached skill level 14 in Fighting
 48277 | Shoals:3 | Noticed Roxanne
 48287 | Shoals:3 | Reached skill level 15 in Fighting
 49757 | Shoals:3 | Reached skill level 16 in Fighting
 50749 | Snake:1  | Entered Level 1 of the Snake Pit
 50749 | Snake:1  | Found a hide-covered altar of Uskayaw.
 50916 | Snake:1  | Noticed Aizul
 50938 | Snake:1  | Killed Aizul
 52582 | Snake:2  | Found a blossoming altar of Fedhas.
 53218 | Snake:2  | Noticed Vashnia
 53578 | Snake:2  | Reached skill level 17 in Fighting
 53991 | Snake:2  | Killed Vashnia
 55125 | Snake:3  | Reached skill level 18 in Fighting
 56059 | Snake:3  | Found Qaokud's Armour Shoppe.
 56064 | Snake:3  | Found Asaudasy's Weapon Shoppe.
 56076 | Snake:3  | Found Kegh's Antique Weapon Boutique.
 56789 | Snake:4  | Entered Level 4 of the Snake Pit
 57245 | Snake:4  | Reached XP level 18. HP: 110/125 MP: 17/30
 57304 | Snake:4  | Found Bic Jeuj's Antique Weapon Emporium.
 57726 | Snake:4  | Found Loczu's Assorted Antiques.
 57730 | Snake:4  | Found Wotuqenetz's Antique Armour Emporium.
 57730 | Snake:4  | Found Raehoam's Book Shop.
 61114 | Snake:4  | Got a serpentine rune of Zot
 61409 | Shoals:4 | Entered Level 4 of the Shoals
 62410 | Shoals:4 | Identified the +3 ring mail of the Devil's Advocate {Harm
                  | +Blink MP+9}
 62488 | Shoals:4 | Paralysed by a sphinx for 4 turns
 62829 | Shoals:4 | Got a barnacled rune of Zot
 62998 | Shoals:4 | Reached skill level 15 in Fire Magic
 63798 | Shoals:4 | Learned a level 6 spell: Eringya's Noxious Bog
 63802 | Shoals:4 | Learned a level 3 spell: Ignite Poison
 63807 | Shoals:4 | Learned a level 4 spell: Olgreb's Toxic Radiance
 64034 | Vaults:1 | Entered Level 1 of the Vaults
 64059 | Vaults:1 | Reached skill level 1 in Poison Magic
 64913 | D:14     | Reached skill level 15 in Conjurations
 64913 | D:14     | Reached XP level 19. HP: 130/130 MP: 16/31
 65814 | Vaults:1 | Reached skill level 5 in Poison Magic
 65815 | Vaults:1 | HP: 5/130 [ironbound frostheart/creeping frost (26)]
 65882 | Vaults:1 | HP: 4/130 [green very ugly thing (16)]
 67858 | Vaults:1 | Identified the +4 arbalest of Dust {speed, Fly rF+ Dex-4}
 68135 | Vaults:1 | Noticed Asterion
 68293 | Vaults:1 | Killed Asterion
 68694 | Vaults:1 | Paralysed by a great orb of eyes for 4 turns
 68701 | Vaults:1 | Paralysed by a great orb of eyes for 4 turns
 68826 | Vaults:1 | Reached skill level 10 in Poison Magic
 71359 | Vaults:2 | Reached XP level 20. HP: 136/136 MP: 22/32
 71433 | Vaults:2 | Found Xuosoop's Book Boutique.
 74283 | Vaults:2 | Found a staircase to the Crypt.
 74570 | Temple   | Fell from the grace of Elyvilon
 74570 | Temple   | Became a worshipper of the Shining One
 74570 | Temple   | Reached * piety under the Shining One
 74570 | Temple   | Reached ** piety under the Shining One
 74570 | Temple   | Reached *** piety under the Shining One
 74570 | Temple   | Reached **** piety under the Shining One
 74972 | Crypt:1  | Entered Level 1 of the Crypt
 75134 | Crypt:1  | Noticed a royal mummy
 75141 | Crypt:1  | Noticed Khufu
 75187 | Vaults:2 | Killed a royal mummy
 75195 | Vaults:2 | Killed Khufu
 75767 | Crypt:1  | Slain by a vampire knight

Illustrated notes

Levels and vault maps discovered:
D:1:      mainiacjoe_arrival_reflecting_pool, layout_rooms,
          shapermc_ecumenical_altar_mp_urbaneastern
D:2:      layout_basic, basic_altar
D:3:      layout_loops_ring, minmay_misc_feat_rows
D:4:      layout_layer_cave, chequers_temple_overflow_statue_of_worship,
          nicolae_grassy_gnolls, uniq_eustachio, uniq_ijyb, uniq_sigmund
D:5:      layout_loops_cross, minmay_temple_entry_large_hall
D:6:      layout_loops_ring, uniq_grinder
D:7:      gammafunk_corrupted_shrine, layout_basic, kennysheep_another_room,
          minmay_a_box_with_orc_wizards_in_it
D:8:      layout_rooms, minmay_misc_feat_room, sigmund_army
D:9:      layout_cave_pools, nicolae_wu_jian_wuxing_cycle, dpeg_lair_monsters,
          dk_noncrumbling_3
D:10:     layout_gridville, nicolae_uskayaw_en_pointe, old_standard_altar,
          orc_0_dummy
D:11:     layout_long_grid, portal_ice_cave_entry_pillars_1, minmay_holes
D:12:     nicolae_cairo_tiling_large, layout_grid_maze,
          dreamdust_princess_corridor, uniq_jorgrun, uniq_nergalle
D:13:     layout_grid_maze, serial_shops, nicolae_shop_overgrown_old_shop,
          kennysheep_diamond, uniq_kirke
D:14:     minmay_chambers_of_sevens, layout_small_grid, david_vaults_3,
          hangedman_decor_peaks_small, serial_shops, shop, uniq_rupert,
          uniq_josephine
D:15:     gammafunk_depths_entry_grave, layout_stronghold,
          hangedman_decor_growths, nicolae_trove_entry_free_sample, st_stairs_5
Temple:   minmay_temple_bridge_d
Lair:1:   layout_chaotic_city, hellmonk_ghost_happy_afterlife, st_stairs_10,
          grunt_megastairs_5, uniq_erica
Lair:2:   layout_big_grid, elwin_shoals_entry_rooms, guppyfry_snake_entry_garden
Lair:3:   layout_chaotic_city
Lair:4:   layout_gridlike, minmay_slime_entry_pillars, lemuel_fruit_fields,
          uniq_snorg, uniq_sonja
Lair:5:   minmay_lair_end_enchanted_forest, layout_cave_pods,
          lemuel_old_faithful, lemuel_fruit_tree, grunt_megastairs_1,
          infiniplex_staircase_pool_2
Shoals:1: layout_shoals, gammafunk_ghost_cemetery, uniq_frances
Shoals:2: nicolae_shoals_island_circles, layout_shoals, uniq_ilsuiw
Shoals:3: layout_shoals, uniq_roxanne
Shoals:4: shoals_end_hellmonk_lost_city, serial_shops
Snake:1:  layout_basic, basic_altar, nicolae_integral_box, uniq_aizul
Snake:2:  layout_gridlike, basic_altar, uniq_vashnia
Snake:3:  layout_basic, serial_shops, shop, grunt_megastairs_3, minmay_shop_star
Snake:4:  minmay_snake_end_coiled, layout_onion, nicolae_wooded_promenade,
          serial_bayou_shore_b
Orc:1:    layout_diamond_mine
Orc:2:    st_orc_mages, layout_caves, serial_shops, nicolae_shop_stone
Vaults:1: nicolae_vaults_yaktaur_gun_rack, ontoclasm_vaults_ligature,
          vaults_dpeg_emergency_exit, v_misc_18, ontoclasm_vaults_shuriken,
          v_pattern_2, v_alt_pattern_6, v_misc_11,
          nicolae_vaults_border_crossing, layout_vaults_big_room, uniq_asterion
Vaults:2: nicolae_vaults_ninety_degrees, nicolae_vaults_network_quinsquares
          [nicolae_vaults_network_quincunx_subvault,
          nicolae_vaults_network_quincunx_subvault,
          nicolae_vaults_network_quincunx_subvault,
          nicolae_vaults_network_quincunx_subvault],
          nicolae_vaults_display_case, minmay_crypt_entry_skeletal_spiral,
          hangedman_vaults_slice, vaults_room_corners, vaults_room_ringed_pool,
          vaults_room_hallway, nicolae_vaults_little_squares_3,
          nicolae_vaults_ring_of_whatevers, layout_vaults_omnigrid,
          serial_shops, shop_fountains
Crypt:1:  layout_rooms, hellmonk_scarab_ruin, grunt_crypt_arrival_webbed,
          uniq_xtahua, uniq_khufu

Skill      XL: |  1  2  3  4  5  6  7  8  9 10 11 12 13 14 15 16 17 18 19 20 |
---------------+-------------------------------------------------------------+-----
Earth Magic    | 4 5 6 7 9 10 12 | 12.0
Spellcasting   | 3 4 7 8 |  8.0
Transmutations | 1 2 9 10 11 | 11.7
Fighting       | 5 10 13 18 | 18.0
Dodging        | 3 5 7 10 | 10.0
Conjurations   | 3 9 10 12 15 | 15.0
Armour         | 5 8 10 | 10.0
Invocations    | 5 |  5.0
Fire Magic     | 6 12 13 15 | 15.0
Shields        | 6 9 |  9.7
Poison Magic   | 3 11 13 | 13.0
Stealth        | |  2.1

Action                   |  1- 3 |  4- 6 |  7- 9 | 10-12 | 13-15 | 16-18 | 19-21 || total
-------------------------+-------+-------+-------+-------+-------+-------+-------++-------
Melee: Mace              |    19 |       |       |     9 |    82 |   151 |   248 ||   509
       Dagger            |       |     6 |     7 |       |       |       |       ||    13
       Hand axe          |       |       |       |       |   101 |   155 |       ||   256
       Staff             |       |       |       |       |       |       |    17 ||    17
 Cast: Sandblast         |    44 |    83 |   144 |   292 |    68 |   137 |    52 ||   820
       Petrify           |       |       |     2 |    38 |     9 |       |       ||    49
       Stone Arrow       |       |       |       |   114 |   209 |   464 |   246 ||  1033
       Sticky Flame      |       |       |       |     6 |   111 |   135 |    34 ||   286
       Passwall          |       |       |       |     3 |     2 |       |       ||     5
       Scorch            |       |       |       |     1 |   180 |   161 |    40 ||   382
       Flame Wave        |       |       |       |       |    78 |    78 |    31 ||   187
       Olgreb's Toxic Ra |       |       |       |       |       |       |    51 ||    51
       Ignite Poison     |       |       |       |       |       |       |    17 ||    17
       Eringya's Noxious |       |       |       |       |       |       |     7 ||     7
Invok: Heal Self         |       |       |       |       |       |     5 |       ||     5
       Divine Shield     |       |       |       |       |       |       |     2 ||     2
Evoke: Wand              |       |       |       |     4 |     3 |     1 |       ||     8
  Use: Scroll            |       |     5 |     2 |    20 |     9 |    13 |     8 ||    57
       Potion            |       |     1 |       |       |     8 |     7 |     3 ||    19
 Stab: Petrified         |       |       |     6 |     3 |     5 |       |       ||    14
Armor: Robe              |    29 |     6 |       |       |       |       |       ||    35
       Leather armour    |       |     8 |    27 |   194 |   106 |       |       ||   335
       Skin              |       |     4 |       |       |       |       |       ||     4
       Steam dragon scal |       |       |       |       |   103 |   175 |       ||   278
       Troll leather arm |       |       |       |       |   239 |   531 |   388 ||  1158
Dodge: Dodged            |    34 |    23 |    33 |   197 |   498 |  1047 |   467 ||  2299
Block: Buckler           |       |       |       |       |   136 |   370 |       ||   506
       Kite shield       |       |       |       |       |       |   196 |   576 ||   772
